 Dungeon Crawl Stone Soup version 0.30-a0-172-gc5509c9e31 (webtiles) character file.

Game seed: 3619169833657821253

5215 drugrobin the Carver (level 10, -2/74 HPs)
             Began as a Demigod Delver on Oct 2, 2022.
             Slain by a wyvern (8 damage)
             ... on level 8 of the Dungeon.
             The game lasted 00:23:01 (8932 turns).

drugrobin the Carver (Demigod Delver)               Turns: 8932, Time: 00:23:01

Health: -2/74      AC: 14    Str: 21    XL:     10   Next: 13%
Magic:  22/22      EV: 10    Int: 16    God:
Gold:   416        SH:  0    Dex: 19    Spells: 18/20 levels left

rFire   + . .      SeeInvis .    a - +0 great sword
rCold   + . .      Faith    .    (shield currently unavailable)
rNeg    . . .      Spirit   .    R - +5 scale mail of the Ward {Str+4}
rPois   .          Reflect  .    C - +0 helmet
rElec   .          Harm     .    n - +0 cloak
rCorr   .          Rampage  .    (no gloves)
Will    +....                    i - +0 pair of boots
Stlth   ++........               (no amulet)
HPRegen 0.32/turn                q - ring of protection from fire
MPRegen 0.18/turn                K - ring of protection from cold

@: no status effects
A: high MP 1, forlorn, divine attributes
a: no special abilities


You were on level 8 of the Dungeon.
You visited 2 branches of the dungeon, and saw 9 of its levels.

You collected 416 gold pieces.

Inventory:

Hand Weapons
 a - a +0 great sword (weapon)
 b - a +1 dagger of venom
 c - a +0 sling
 t - a +0 falchion
Missiles
 m - 2 javelins
 s - 5 boomerangs (quivered)
 B - 3 boomerangs of dispersal
Armour
 i - a +0 pair of boots (worn)
 n - a +0 cloak (worn)
 C - a +0 helmet (worn)
 L - the +1 robe of Nemelex Xobeh's Esteem {rElec rPois rF+}
   (You found it on level 6 of the Dungeon)

   rF:        It protects you from fire.
   rElec:     It insulates you from electricity.
   rPois:     It protects you from poison.
 R - the +5 scale mail of the Ward (worn) {Str+4}
   (You found it on level 8 of the Dungeon)

   Str:       It affects your strength (+4).
 S - a +1 chain mail of cold resistance
Jewellery
 q - a ring of protection from fire (left hand)
 u - a ring of positive energy
 F - a ring of ice
 K - a ring of protection from cold (right hand)
Wands
 g - a wand of digging (8)
 E - a wand of mindburst (8)
 G - a wand of polymorph (14)
 M - a wand of charming (10)
 O - a wand of iceblast (6)
Scrolls
 d - a scroll of magic mapping
 h - a scroll of fog
 j - 2 scrolls of brand weapon {unknown}
 k - a scroll of enchant weapon {unknown}
 l - 3 scrolls of enchant armour {unknown}
 p - a scroll of acquirement {unknown}
 x - 6 scrolls of identify
 y - 2 scrolls of butterflies {unknown}
 z - 4 scrolls of blinking
 A - 2 scrolls of teleportation {unknown}
 I - a scroll of immolation {unknown}
 J - a scroll of amnesia {unknown}
 Q - a scroll of fear
Potions
 e - a potion of brilliance {unknown}
 f - 3 potions of haste
 o - 2 potions of resistance
 r - 2 potions of mutation {unknown}
 v - 3 potions of lignification {unknown}
 w - 2 potions of attraction
 D - 4 potions of curing
 H - 2 potions of might {unknown}
 N - a potion of flight {unknown}
 P - a potion of heal wounds


   Skills:
 - Level 2.6 Fighting
 * Level 11.1 Long Blades
 - Level 1.7 Dodging
 - Level 4.5 Stealth
 + Level 5.9 Spellcasting
 + Level 5.9 Evocations


You had 18 spell levels left.
You knew the following spells:

 Your Spells              Type           Power      Damage    Failure   Level
a - Wereblood             Tmut           4%         N/A       52%         2

Your spell library contained the following spells:

 Spells                   Type           Power      Damage    Failure   Level
 Beastly Appendage        Tmut           8%         N/A       38%         1
 Spider Form              Tmut/Pois      4%         N/A       77%         3
 Anguish                  Hex/Necr       2%         N/A       99%         4
 Conjure Ball Lightning   Conj/Air       2%         3x3d6     100%        6
 Enfeeble                 Hex            2%         N/A       100%        7
 Discord                  Hex            2%         N/A       100%        8
 Disjunction              Tloc           2%         N/A       100%        8


Dungeon Overview and Level Annotations

Branches:
Dungeon (8/15)             Temple (1/1) D:6
   Lair: D:8-11

Annotations:
D:3 Grinder
D:8 Grum


Innate Abilities, Weirdness & Mutations

You have an increased reservoir of magic. (+10% MP)
You shall have no god before yourself.
Your divine heritage dramatically boosts your attributes as you level up.


Message History

The wyvern closely misses you.
Your +1 dagger of venom begins to drip with poison!
b - a +1 dagger of venom (weapon)
The wyvern bites you but does no damage.
Grum closely misses you.
You hit the wyvern but do no damage.
The wyvern is poisoned.
The wyvern bites you.
You barely miss the wyvern.
Grum hits you from afar with a -1 spear!
Your +1 dagger of venom stops dripping with poison.
a - a +0 great sword (weapon)
The wyvern barely misses you.
You slice the wyvern!!
The wyvern is severely wounded.
The wyvern bites you! Grum hits you but does no damage.
The wyvern bites you but does no damage.
Unknown command.
Unknown command.
You completely miss the wyvern.
The wyvern is almost dead.
The wyvern bites you!
* * * LOW HITPOINT WARNING * * *
Grum misses you. The wyvern barely misses you.
Unknown command.
Unknown command.
Unknown command.
Unknown command.
Grum stares intently and barks.
Unknown command.
Unknown command.
Unknown command.
Unknown command.
Unknown command.
As you read the scroll labelled MUQ OKIVEMMI, it crumbles to dust.
It is a scroll of identify.
z - 4 scrolls of blinking The wyvern bites you!
* * * LOW HITPOINT WARNING * * *
The wyvern bites you!
You die...

......##.)....#.###.#.#
#.##..##.#.##..## ##..#
#....[.(...##.#.###.###
###...#..........#...#
###...#........##.##.#
..................##l#
###..........#.#####.#
.....#.†.....#.#####.#
.....).#######.Y@lg.Y#
###)#.#### #########
#.)....# #.#.##)#
#.#.##)# ###...##)#
....####)# #........#
#........#


You could see Grum, 2 yaks and a wyvern (very poisoned).

Vanquished Creatures
  A two-headed ogre (D:7)
  Pikel (D:6)
  2 yaks (D:8)
  2 wyverns
  4 water moccasins
  2 ice beasts (D:6)
  3 black bears
  A sky beast (D:6)
  2 orc warriors (D:8)
  An ogre (D:3)
  2 wolves (D:8)
  A centaur (D:7)
  3 phantoms
  Blork the orc (D:4)
  2 bullfrogs
  A necrophage (D:6)
  2 scorpions
  6 killer bees
  2 howler monkeys (D:4)
  6 hounds
  2 jellies (D:6)
  3 orc priests
  6 iguanas
  Ijyb (D:4)
  Terence (D:3)
  Natasha (thrice) (D:2)
  2 gnoll boudas
  4 orc wizards
  Robin (D:3)
  11 gnolls
  8 adders
  A shadow imp (D:7)
  2 white imps
  3 worms
  3 dart slugs
  23 orcs
  5 endoplasms
  4 giant cockroaches
  23 goblins
  13 hobgoblins
  12 jackals
  9 kobolds
  3 quokkas
  4 ball pythons
  10 bats
  A frilled lizard (D:3)
  5 rats
208 creatures vanquished.

Vanquished Creatures (others)
  An adder (D:2)
  A rat (D:2)
  2 bushes (D:8)
  2 fungi (D:8)
  13 plants (D:8)
19 creatures vanquished.

Grand Total: 227 creatures vanquished

Notes
Turn   | Place    | Note
-------+----------+-------------------------------------------
     0 | D:5      | drugrobin the Demigod Delver began the quest for the Orb.
     0 | D:5      | Reached XP level 1. HP: 18/18 MP: 3/3
    44 | D:5      | Reached skill level 2 in Long Blades
    52 | D:5      | Noticed an orc priest
   122 | D:5      | Noticed a scorpion
   148 | D:4      | Noticed a phantom
   170 | D:5      | Killed a phantom
   171 | D:5      | Reached skill level 4 in Long Blades
   171 | D:5      | Reached XP level 2. HP: 18/25 MP: 4/4
   171 | D:5      | Reached XP level 3. HP: 22/30 MP: 5/5
   246 | D:4      | Reached XP level 4. HP: 37/37 MP: 6/6
   398 | D:3      | Noticed Grinder
   491 | D:2      | Noticed Natasha
   497 | D:2      | Killed Natasha
   536 | D:2      | Noticed Natasha
   545 | D:2      | Killed Natasha
   546 | D:2      | Reached skill level 5 in Long Blades
   546 | D:2      | Reached XP level 5. HP: 15/42 MP: 7/7
   862 | D:2      | Noticed Natasha
   870 | D:2      | Killed Natasha
  1371 | D:1      | Learned a level 2 spell: Wereblood
  2271 | D:3      | Reached skill level 6 in Long Blades
  2316 | D:3      | Reached XP level 6. HP: 8/50 MP: 7/9
  2548 | D:3      | Reached skill level 1 in Spellcasting
  2632 | D:3      | Noticed Terence
  2637 | D:3      | Killed Terence
  2867 | D:3      | Noticed Robin
  2879 | D:3      | Killed Robin
  3370 | D:4      | Noticed Ijyb
  3374 | D:4      | Killed Ijyb
  3375 | D:4      | Reached XP level 7. HP: 56/56 MP: 13/13
  3443 | D:4      | Reached skill level 7 in Long Blades
  3452 | D:4      | Reached skill level 1 in Evocations
  3466 | D:4      | Noticed Blork the orc
  3481 | D:4      | Killed Blork the orc
  4497 | D:5      | Reached XP level 8. HP: 49/62 MP: 15/15
  4514 | D:5      | Reached skill level 8 in Long Blades
  5235 | D:6      | Found a staircase to the Ecumenical Temple.
  5241 | Temple   | Entered the Ecumenical Temple
  5318 | D:6      | Identified the +1 robe of Nemelex Xobeh's Esteem {rElec
                  | rPois rF+}
  5876 | D:6      | Noticed Pikel
  5888 | D:6      | Killed Pikel
  5889 | D:6      | Reached skill level 9 in Long Blades
  6502 | D:7      | Reached XP level 9. HP: 57/68 MP: 19/19
  6526 | D:7      | HP: 3/68 [killer bee (5)]
  6871 | D:7      | Noticed a two-headed ogre
  7325 | D:7      | Reached skill level 10 in Long Blades
  7378 | D:7      | Killed a two-headed ogre
  7379 | D:7      | Reached skill level 5 in Spellcasting
  7379 | D:7      | Reached skill level 5 in Evocations
  8105 | D:8      | Identified the +5 scale mail of the Ward {Str+4}
  8700 | D:8      | Reached XP level 10. HP: 70/74 MP: 22/22
  8770 | D:8      | Reached skill level 11 in Long Blades
  8889 | D:8      | Noticed Grum
  8932 | D:8      | Slain by a wyvern

Illustrated notes

Levels and vault maps discovered:
D:1:      minmay_arrival_four_houses, layout_loops_ring,
          hellmonk_ecumenical_altar_lost_god
D:2:      layout_rooms, kennysheep_cross_room, kennysheep_generic_room_2,
          uniq_natasha
D:3:      layout_basic, fountainhead, minmay_ogre_servants, uniq_grinder,
          uniq_robin, uniq_terence
D:4:      layout_basic, serial_bayou_pond_d, minmay_vboxes, uniq_ijyb,
          uniq_blork_the_orc
D:5:      layout_rooms, mainiacjoe_overflow_paths, minmay_misc_feat_ornament,
          amcnicky_mini_rare_corridor_liquid, wad_floor_pattern_2,
          grunt_decor_mini_mirrors, grunt_decor_arrowhead
D:6:      layout_basic, temple_green, uniq_pikel
D:7:      layout_rooms, kennysheep_potato
D:8:      layout_loops_cross, tgw_kikubaaqudgha, minmay_lair_entry_grove,
          uniq_grum
Temple:   nicolae_temple_superstar

Skill      XL: |  1  2  3  4  5  6  7  8  9 10 |
---------------+-------------------------------+-----
Long Blades    | 4 5 6 7 9 10 11 | 11.1
Spellcasting   | 2 3 4 5 |  5.9
Evocations     | 2 4 5 |  5.9
Fighting       | |  2.6
Dodging        | |  1.7
Stealth        | |  4.5

Action                   |  1- 3 |  4- 6 |  7- 9 | 10-12 || total
-------------------------+-------+-------+-------+-------++-------
Melee: Falchion          |    26 |   100 |       |       ||   126
       Dagger            |       |   121 |   177 |    20 ||   318
       Great sword       |       |    93 |   215 |    19 ||   327
       Punch             |       |     2 |     2 |       ||     4
 Fire: Sling             |       |     6 |       |       ||     6
Throw: Javelin           |       |     2 |       |       ||     2
       Boomerang         |       |       |    22 |     3 ||    25
 Cast: Wereblood         |       |     2 |       |       ||     2
Evoke: Wand              |       |       |     5 |       ||     5
  Use: Potion            |       |     1 |     4 |       ||     5
       Scroll            |       |     2 |       |     1 ||     3
 Stab: Sleeping          |     2 |    14 |    11 |       ||    27
       Distracted        |       |     2 |       |       ||     2
Armor: Leather armour    |     9 |   110 |    23 |       ||   142
       Robe              |       |       |    48 |       ||    48
       Scale mail        |       |       |    37 |    25 ||    62
Dodge: Dodged            |    13 |   185 |   195 |    25 ||   418

Table legend: (Time is in decaauts)
 A = Elapsed time spent in this place.
 B = Non-inter-level travel time spent in this place.
 C = Inter-level travel time spent in this place.
 D = Time resting spent in this place.
 E = Time spent auto-exploring this place.
 F = Levels seen in this place.
 G = Mean time per level.
                   A        B        C        D        E       F      G
               +--------+--------+--------+--------+--------+-----+--------+
         Total |   8923 |   8657 |    266 |   2013 |   4108 |   9 |  991.4 |
       Dungeon |   8922 |   8656 |    266 |   2013 |   4108 |   8 | 1115.2 |
        Temple |      1 |      1 |      0 |      0 |      0 |   1 |    1.0 |
               +--------+--------+--------+--------+--------+-----+--------+

Top non-repeatable levels by time:
     D:6: 1735 daAuts
     D:5: 1510 daAuts
     D:3: 1395 daAuts
     D:4: 987 daAuts
     D:8: 983 daAuts
     D:7: 853 daAuts
     D:2: 746 daAuts
     D:1: 709 daAuts
  Temple: 1 daAuts
